 Dungeon Crawl Stone Soup version 0.22.1-2-g9c5b331383 (webtiles) character file.

715 samirat the Skirmisher (level 7, -6/61 HPs)
             Began as a Ghoul Monk on Nov 15, 2018.
             Mangled by an ogre
             ... wielding a +0 giant spiked club
              (23 damage)
             ... on level 5 of the Dungeon.
             The game lasted 00:46:20 (6429 turns).

samirat the Skirmisher (Ghoul Monk)                 Turns: 6429, Time: 00:46:21

Health: -6/61      AC: 17    Str: 17    XL:     7   Next: 69%
Magic:  6/6        EV:  6    Int:  5    God:
Gold:   234        SH:  0    Dex: 11    Spells: 6/6 levels left

rFire    . . .     SeeInvis .   R - +4 flail (drain)
rCold    + . .     Gourm    .   (no shield)
rNeg     + + +     Faith    .   w - +0 plate armour
rPois    ∞         Spirit   .   j - +0 helmet
rElec    .         Reflect  .   (no cloak)
rCorr    .         Harm     .   (no gloves)
MR       .....                  o - +0 pair of boots
Stlth    ..........             (no amulet)
HPRegen  0.00/turn              H - ring of poison resistance
MPRegen  0.10/turn              e - +3 ring of protection

@: rotting
A: rotting body, claws 1, carnivore, cold resistance 1, negative energy
resistance 3, inhibited regeneration, torment resistance, unbreathing
a: no special abilities


You were on level 5 of the Dungeon.
You were not hungry.

You visited 1 branch of the dungeon, and saw 5 of its levels.

You collected 234 gold pieces.

Inventory:

Hand Weapons
 d - a +0 dagger
 g - a +0 hunting sling
 l - a +0 hand axe
 D - a cursed -2 short sword
 I - a +0 dagger
 Q - a +0 trident
 R - a +4 flail of draining (weapon)
 U - a +0 giant spiked club
 V - a +0 halberd
 W - a +0 shortbow
 X - a +0 whip
Missiles
 c - 81 sling bullets
 f - 28 bolts
 i - 16 poisoned needles
 k - 84 stones (quivered)
 n - 8 tomahawks
 t - 3 needles of sleeping
 J - 44 arrows
Armour
 a - a +0 robe
 j - a +0 helmet (worn)
 m - a +3 chain mail
 o - a +0 pair of boots (worn)
 u - a cursed +0 robe
 w - a +0 plate armour (worn)
 y - a +0 ring mail
 A - a +0 chain mail
 S - a +2 ring mail of cold resistance
Magical Staves
 B - an uncursed staff of summoning
Jewellery
 e - a +3 ring of protection (right claw)
 H - a ring of poison resistance (left claw)
 O - an uncursed amulet of guardian spirit {unknown}
Scrolls
 p - a scroll of amnesia {unknown}
 q - a scroll of fog
 C - a scroll of noise
 E - a scroll of magic mapping {unknown}
 F - 3 scrolls of immolation {unknown}
 K - 3 scrolls of remove curse {unknown}
 L - a scroll of vulnerability {unknown}
 P - a scroll of fear {unknown}
 T - a scroll of enchant armour {unknown}
Potions
 r - a potion of lignification {unknown}
 s - a potion of haste
 x - a potion of degeneration {unknown}
 z - a potion of ambrosia {unknown}
 G - a potion of cancellation {unknown}
 M - a potion of might {unknown}
 N - a potion of invisibility
Comestibles
 b - 6 rations
 v - 4 chunks of flesh


   Skills:
 + Level 5.1 Fighting
 + Level 2.6(3.4) Axes
 + Level 2.2(2.9) Maces & Flails
 + Level 2.0(2.7) Polearms
 + Level 4.0 Armour
 + Level 3.3 Dodging
 + Level 2.4 Stealth
 + Level 3.5 Unarmed Combat


You had 6 spell levels left.
You didn't know any spells.
Your spell library contained the following spells:

 Spells                   Type           Power        Failure   Level  Hunger
 Corona                   Hex            #......      100%        1    ##.....
 Ensorcelled Hibernation  Hex/Ice        #.....       100%        2    ###....
 Confuse                  Hex            #.......     100%        3    ####...
 Dazzling Spray           Conj/Hex       #.....       100%        3    ####...
 Tukima's Dance           Hex            #.......     100%        3    ####...


Dungeon Overview and Level Annotations

Branches:
Dungeon (5/15)
 Temple: D:4-7

Altars:

Shops:
D:4 (

Annotations:
D:5 2 transporters, toxicsyntax's ghost, novice MfSk


Innate Abilities, Weirdness & Mutations

Your body is rotting away.
You thrive on raw meat.
You are immune to poison.
You have sharp fingernails.
You are carnivorous and can eat meat at any time.
Your flesh is cold resistant. (rC+)
You are immune to negative energy. (rN+++)
You do not regenerate when monsters are visible.
You are immune to unholy pain and torment.
You can survive without breathing.


Message History

The ogre hits you with a giant spiked club!
* * * LOW HITPOINT WARNING * * *
The iguana barely misses you. The adder bites you but does no damage.
You feel better.
The quokka skeleton bites you but does no damage.
The adder closely misses you.
The iguana bites you but does no damage.
The ogre hits you with a giant spiked club.
* * * LOW HITPOINT WARNING * * *
You feel better. The adder barely misses you.
The quokka skeleton bites you but does no damage.
The iguana bites you. The adder barely misses you.
The quokka skeleton bites you. The adder bites you.
* * * LOW HITPOINT WARNING * * *
Found an escape hatch in the ceiling.
The quokka skeleton bites you but does no damage.
The adder barely misses you.
The ogre hits you with a giant spiked club!!
You die...

#...####.#.#......
#((.# #.#.#......
#.(.# #.#.##...#.
#...####....'.....
#..........##...#.
#.....#######...#.
#.S...# #.....
...####.Ol).#
###...
.<.....@Z...#
###...
............?...
+.....
#......##........
#####. #......
#........ #....
#...... .........
#.... ......#
......... #....
....<. .........
#.... ...... ....
.. #.... ........


You could see an ogre, an iguana, an adder and a quokka skeleton.

Vanquished Creatures
  Edmund (D:4)
  A water moccasin (D:5)
  An ogre (D:5)
  2 centaurs (D:5)
  A bullfrog skeleton (D:5)
  2 iguanas (D:4)
  Jessica (D:3)
  A worker ant (D:4)
  6 adders
  An ooze (D:4)
  2 worms
  2 dart slugs (D:3)
  3 leopard geckos
  An orc (D:5)
  2 giant cockroaches
  6 goblins
  7 hobgoblins
  14 jackals
  4 ball pythons
  5 bats
  9 frilled lizards
  6 kobolds
  A leopard gecko skeleton (D:4)
  6 rats
85 creatures vanquished.

Notes
Turn   | Place    | Note
-------+----------+-------------------------------------------
     0 | D:1      | samirat the Ghoul Monk began the quest for the Orb.
     0 | D:1      | Reached XP level 1. HP: 19/19 MP: 0/0
   788 | D:1      | Reached XP level 2. HP: 25/25 MP: 1/1
  2040 | D:2      | Reached XP level 3. HP: 16/31 MP: 2/2
  2272 | D:2      | Reached skill level 1 in Armour
  2977 | D:3      | Reached XP level 4. HP: 31/38 MP: 3/3
  3436 | D:3      | Noticed Jessica
  3448 | D:3      | Killed Jessica
  3448 | D:3      | Reached skill level 1 in Axes
  4143 | D:4      | Reached XP level 5. HP: 35/44 MP: 4/4
  4307 | D:4      | Found Juoveomp's Antique Weapon Shoppe.
  4366 | D:4      | Reached skill level 4 in Fighting
  4977 | D:4      | Noticed Edmund
  5014 | D:4      | Killed Edmund
  5014 | D:4      | Reached XP level 6. HP: 18/53 MP: 5/5
  6148 | D:5      | Entered Level 5 of the Dungeon
  6200 | D:5      | Noticed a water moccasin
  6208 | D:5      | Killed a water moccasin
  6208 | D:5      | Reached skill level 1 in Polearms
  6208 | D:5      | Reached XP level 7. HP: 48/59 MP: 6/6
  6212 | D:5      | Found a transporter.
  6215 | D:5      | Noticed toxicsyntax's ghost (novice MfSk)
  6239 | D:5      | Reached skill level 1 in Maces & Flails
  6260 | D:5      | Found a transporter.
  6424 | D:5      | Reached skill level 5 in Fighting
  6429 | D:5      | Mangled by an ogre

Skill      XL: |  1  2  3  4  5  6  7 |
---------------+----------------------+-----
Dodging        | 3 |  3.3
Armour         | 1 2 3 4 |  4.0
Axes           | 1 2 |  2.6
Fighting       | 4 5 |  5.1
Polearms       | 1 2 |  2.0
Maces & Flails | 2 |  2.2
Stealth        | |  2.4
Unarmed Combat | |  3.5

Action                   |  1- 3 |  4- 6 |  7- 9 || total
-------------------------+-------+-------+-------++-------
Melee: Unarmed           |    11 |       |       ||    11
       Hand axe          |   153 |   159 |       ||   312
       Punch             |       |     6 |       ||     6
       Trident           |       |    70 |       ||    70
       Flail             |       |    18 |    24 ||    42
  Use: Scroll            |     5 |     3 |       ||     8
       Potion            |       |     1 |     2 ||     3
  Eat: Chunk             |     7 |    11 |       ||    18
       Ration            |       |     1 |       ||     1
Armor: Chain mail        |   105 |       |       ||   105
       Robe              |     2 |       |       ||     2
       Plate armour      |    91 |   287 |    41 ||   419
Dodge: Dodged            |   109 |   110 |    26 ||   245
